 Dungeon Crawl Stone Soup version 0.31-a0-625-gc9c7e45f3f (webtiles) character file.

Game seed: 16286072418600143011

80 Descartes the Shooter (level 4, 35/35 HPs)
             Began as a Formicid Hunter on Aug 24, 2023.
             Got out of the dungeon alive.
             The game lasted 00:02:46 (1670 turns).

Descartes the Shooter (Formicid Hunter)             Turns: 1670, Time: 00:02:47

Health: 35/35      AC:  4    Str: 15    XL:     4   Next: 65%
Magic:  4/4        EV: 12    Int:  9    God:
Gold:   73         SH:  0    Dex: 19    Spells: 3/3 levels left

rFire   . . .        a - +0 shortbow
rCold   . . .        (no shield)
rNeg    . . .        c - +0 leather armour
rPois   .            (helmet unavailable)
rElec   .            e - +0 cloak
rCorr   .            (no gloves)
SInv    +            (no boots)
Will    .....        (no amulet)
Stlth   ++           (no ring)
HPRegen 0.25/turn    (no ring)
MPRegen 0.09/turn

%: no passive effects
@: no status effects
A: permanent stasis, dig shafts and tunnels, antennae 3, four strong arms
a: Dig, Shaft Self


You escaped.
You visited 1 branch of the dungeon, and saw 2 of its levels.

You collected 73 gold pieces.

Inventory:

Hand Weapons
 a - a +0 shortbow (weapon)
Missiles
 f - 11 poisoned darts
 h - 37 stones
Armour
 c - a +0 leather armour (worn)
 e - a +0 cloak (worn)
Wands
 o - a wand of flame (20)
Scrolls
 b - a scroll of butterflies
 i - 2 scrolls of revelation {unknown}
 j - a scroll of enchant armour {unknown}
 k - a scroll of torment {unknown}
 l - a scroll of poison {unknown}
 m - a scroll of fear {unknown}
 p - a scroll of teleportation {unknown}
Potions
 d - a potion of lignification {unknown}
 g - 4 potions of heal wounds {unknown}
 n - a potion of might {unknown}


   Skills:
 + Level 3.1 Fighting
 + Level 4.4 Ranged Weapons
 + Level 2.5 Dodging
 + Level 2.8 Stealth


You had 3 spell levels left.
You didn't know any spells.
Your spell library was empty.

Dungeon Overview and Level Annotations

Branches:
Dungeon (2/15)

Altars:


Innate Abilities, Weirdness & Mutations

You cannot be hasted, slowed, berserked, paralysed or teleported.
You can dig through walls and to a lower floor.
You have a pair of large antennae on your head. (SInv)
Your four strong arms can wield two-handed weapons with a shield.


Message History

There is an open door here.
There is an open door here.
There is an open door here.
You open the door.
There is an open door here.
Found a chain mail.
You enter the shallow water.
Moving in this stuff is going to be slow.
Found an escape hatch in the ceiling.
No target in view!
There is an escape hatch in the ceiling here.
You now have 73 gold pieces (gained 10).
An adder comes into view.
An adder is nearby!
You shoot an arrow. The arrow hits the adder!
The adder hisses angrily.
The adder is heavily wounded.
You shoot an arrow. The arrow closely misses the adder.
You shoot an arrow. The arrow hits the adder!
You kill the adder!
No target in view!
Done exploring.
Done exploring.
Done exploring.
No target in view!
There is an open door here.
As you open the door, it creaks loudly!
There are no items here.
There are no items here.
There are no items here.
Okay, then.
There are no items here.
There is an open door here.
There is a stone staircase leading up here.
You climb upwards.
There is a stone staircase leading down here.
There is a stone staircase leading down here.
There is an escape hatch in the floor here.
There is a staircase leading out of the dungeon here.
You have escaped!

######
#..>@#
###.####
#...#
###.###
#...#
#.###
#.# #.#
##.#


There were no monsters in sight!

Vanquished Creatures
  Terence (D:2)
  An adder (D:2)
  A ball python (D:1)
  4 bats (D:1)
  7 endoplasms
  A giant cockroach (D:1)
  3 goblins
  7 hobgoblins
  2 jackals (D:1)
  A kobold (D:1)
  2 quokkas
  A frilled lizard (D:1)
  7 rats (D:1)
38 creatures vanquished.

Notes
Turn   | Place    | Note
-------+----------+-------------------------------------------
     0 | D:1      | Descartes the Formicid Hunter began the quest for the Orb.
     0 | D:1      | Reached XP level 1. HP: 16/16 MP: 1/1
   102 | D:1      | Reached XP level 2. HP: 23/23 MP: 2/2
   242 | D:1      | Reached XP level 3. HP: 28/28 MP: 3/3
  1056 | D:2      | Noticed Terence
  1072 | D:2      | Killed Terence
  1073 | D:2      | Reached XP level 4. HP: 11/35 MP: 4/4
  1670 | D:$      | Got out of the dungeon alive.

Illustrated notes

Levels and vault maps discovered:
D:1:      dpeg_arrival_tiny_k, layout_loops_ring, ebering_dispersal_statue_hall
D:2:      layout_loops_corners, minivault_4, minmay_misc_feat_x, uniq_terence

Skill      XL: |  1  2  3 |
---------------+----------+-----
Dodging        | 2 |  2.5
Stealth        | 2 |  2.8
Fighting       | 3 |  3.1
Ranged Weapons | |  4.4

Action                     |  1- 3 |  4- 6 || total
---------------------------+-------+-------++-------
   Fire: Shortbow          |    91 |     5 ||    96
  Throw: Dart              |     1 |       ||     1
Ability: Dig               |     6 |       ||     6
 Armour: Leather armour    |     6 |       ||     6
  Dodge: Dodged            |    19 |       ||    19

Table legend: (Time is in decaauts)
 A = Elapsed time spent in this place.
 B = Non-inter-level travel time spent in this place.
 C = Inter-level travel time spent in this place.
 D = Time resting spent in this place.
 E = Time spent auto-exploring this place.
 F = Levels seen in this place.
 G = Mean time per level.
                   A        B        C        D        E       F      G
               +--------+--------+--------+--------+--------+-----+--------+
         Total |   1692 |   1632 |     60 |      0 |   1422 |   2 |  846.0 |
       Dungeon |   1692 |   1632 |     60 |      0 |   1422 |   2 |  846.0 |
               +--------+--------+--------+--------+--------+-----+--------+

Top non-repeatable levels by time:
     D:2: 927 daAuts
     D:1: 764 daAuts
